 Dungeon Crawl Stone Soup version 0.16-a0-3976-g683f154 (webtiles) character file.

41 timbw the Caller (level 3, -10/14 HPs)
             Began as a Felid Summoner on Feb 11, 2015.
             Killed from afar by an orc wizard (12 damage)
             ... with a puff of frost
             ... on level 3 of the Dungeon.
             The game lasted 00:03:19 (496 turns).

timbw the Caller (Felid Summoner)                    Turns: 496, Time: 00:03:20

Health: -10/14     AC:  1    Str:  4    XL:     3   Next: 32%
Magic:  1/8        EV: 18    Int: 17    God:
Gold:   14         SH:  0    Dex: 16    Spells: 3 memorised, 1 level left
                                        Lives:  0   Deaths: 0

rFire  . . .     SeeInvis +     (weapon unavailable)
rCold  . . .     Clarity  .     (armour unavailable)
rNeg   . . .     SustAb   .     (shield unavailable)
rPois  .         Gourm    .     (helmet unavailable)
rElec  .         Spirit   .     (cloak unavailable)
rCorr  .         Warding  .     (gloves unavailable)
rMut   .         Stasis   .     (boots unavailable)
MR     .....                    (no amulet)
Stlth  +++.......               (no ring)
                                (no ring)

@: quick, not resistant to hostile enchantments, fairly stealthy
A: paw claws, no armour, no weapons or thrown items, fangs 3, see invisible,
carnivore 3, speed 1, shaggy fur 1, slow metabolism 1, sharp paws
a: no special abilities


You were on level 3 of the Dungeon.
You were completely stuffed.

You visited 1 branch of the dungeon, and saw 3 of its levels.

You collected 14 gold pieces.

Inventory:

Scrolls
 d - 2 scrolls of teleportation
Potions
 a - a potion of haste {unknown}
 e - a potion of ambrosia {unknown}
 f - a potion of curing {unknown}
 h - a potion of lignification {unknown}
Books
 b - a book of Callings

   Spells                             Type                      Level
   a - Summon Small Mammal            Summoning                    1
   b - Call Imp                       Summoning                    2
   c - Call Canine Familiar           Summoning                    3
   d - Summon Guardian Golem          Hexes/Summoning              4
   e - Summon Lightning Spire         Summoning/Air                4
   f - Summon Ice Beast               Ice/Summoning                4
Comestibles
 c - 2 meat rations


   Skills:
 - Level 2.6 Dodging
 - Level 2.6 Stealth
 + Level 2.9 Spellcasting
 + Level 4.5 Summonings


You had one spell level left.
You knew the following spells:

 Your Spells              Type           Power        Failure   Level  Hunger
a - Summon Small Mammal   Summ           ###.         2%          1    None
b - Call Imp              Summ           ###.....     4%          2    ##.....
c - Call Canine Familiar  Summ           ###.....     10%         3    ###....


Dungeon Overview and Level Annotations

Branches:
Dungeon (3/15)

Altars:


Innate Abilities, Weirdness & Mutations

You cannot wear armour.
You are incapable of wielding weapons or throwing items.
You have razor-sharp teeth.
You have supernaturally acute eyesight.
You are carnivorous and can eat meat at any time.
You cover ground quickly.
You are covered in fur (AC +1).
You have a slow metabolism.
Your paws have sharp claws that are effective at stabbing.


Message History

The puff of flame hits your crimson imp.
Your crimson imp completely resists.
Your hound bites the orc wizard.
The orc wizard completely misses your crimson imp.
Your hound misses the orc wizard.
Your hound closely misses the orc wizard.
The orc wizard misses your crimson imp.
Unknown command.
You closely miss the orc wizard.
The orc wizard is almost dead.
Your hound barely misses the orc wizard.
The orc wizard casts a spell at you. The puff of frost hits you!
Ouch! That really hurt!
* * * LOW HITPOINT WARNING * * *
Your hound bites the orc wizard.
The orc wizard points at you and mumbles some strange words.
The puff of frost hits you!
Ouch! That really hurt!
You die...

#.######.##.....#.
#............#..#.
#.###...........#.
#.###.##..##.#.##.
#..............##.
#########5#.#.##..##.#.##.
##
#.#..)..oh#.#.##..##.#.##.
#..##.######.#
#.##..##.#.##. #...#.# #@#
#.##..##.#.##.
#........##.# #.#
#.##..##...)รท. #..####..
#(# #.# . #..####.### .
o... #.##.# #.# # .##..
#S#.. #.# # o# ##. ##..
#.# # # ## #.# ### # ... #
.## #


You could see an orc wizard (invisible), a friendly hound and a friendly crimson
imp.

Vanquished Creatures
  2 orcs (D:3)
  2 bats (D:1)
4 creatures vanquished.

Vanquished Creatures (collateral kills)
  2 orc wizards (D:3)
  2 orcs (D:3)
  A goblin (D:1)
  3 hobgoblins (D:1)
  3 kobolds (D:1)
  A quokka (D:3)
  3 rats
15 creatures vanquished.

Vanquished Creatures (others)
  A crimson imp (D:3)
  A bat (D:1)
  3 rats
5 creatures vanquished.

Grand Total: 24 creatures vanquished

Notes
Turn   | Place    | Note
--------------------------------------------------------------
     0 | D:1      | timbw, the Felid Summoner, began the quest for the Orb.
     0 | D:1      | Reached XP level 1. HP: 7/7 MP: 4/4
   172 | D:1      | Reached XP level 2. HP: 7/11 MP: 4/6
   190 | D:1      | Learned a level 2 spell: Call Imp
   372 | D:3      | Reached XP level 3. HP: 10/14 MP: 1/8
   377 | D:3      | Learned a level 3 spell: Call Canine Familiar
   496 | D:3      | Killed from afar by an orc wizard

Action                   || total
-------------------------++-------
Melee: Unarmed           ||    21
 Cast: Summon Small Mamm ||    11
       Call Imp          ||     9
       Call Canine Famil ||     2
  Use: Scroll            ||     2
  Eat: Chunk             ||     7
